 Dungeon Crawl Stone Soup version 0.30-a0-165-g1891117ce2 (webtiles) character file.

Game seed: 5385578597502651841

235 Flugkiller the Conjurer (level 6, -1/42 HPs)
             Began as an Octopode Reaver on Sept 28, 2022.
             Slain by a gnoll
             ... wielding a +0 spear
              (7 damage)
             ... on level 4 of the Dungeon.
             The game lasted 00:05:00 (3893 turns).

Flugkiller the Conjurer (Octopode Reaver)           Turns: 3893, Time: 00:05:00

Health: -1/42      AC:  1    Str: 12    XL:     6   Next: 6%
Magic:  8/10       EV: 13    Int: 15    God:
Gold:   163        SH:  0    Dex: 12    Spells: 5/11 levels left

rFire   . . .      SeeInvis .    j - +0 trident
rCold   . . .      Faith    .    (no shield)
rNeg    . . .      Spirit   .    (helmet restricted)
rPois   .          Reflect  .    l - amulet of the acrobat
rElec   .          Harm     .    (no ring)
rCorr   .          Rampage  .    (no ring)
Will    .....                    (no ring)
Stlth   +++.......               (no ring)
HPRegen 0.14/turn                (no ring)
MPRegen 0.12/turn                (no ring)
                                 (no ring)
                                 (no ring)

@: momentumless
A: almost no armour, amphibious, 8 rings, camouflage 1, gelatinous body 1,
(nimble swimmer 1), tentacles
a: no special abilities


You were on level 4 of the Dungeon.
You visited 1 branch of the dungeon, and saw 4 of its levels.

You collected 163 gold pieces.

Inventory:

Hand Weapons
 a - a +1 spear
 j - a +0 trident (weapon)
   (You found it on level 2 of the Dungeon)
 k - a +2 whip of electrocution
   (You took it off a gnoll on level 3 of the Dungeon)
Missiles
 p - 3 silver javelins
Magical Staves
 g - a staff of conjuration
   (You found it on level 3 of the Dungeon)
Jewellery
 i - a ring of ice
   (You found it on level 2 of the Dungeon)
 l - an amulet of the acrobat (around mantle)
   (You found it on level 3 of the Dungeon)
Scrolls
 b - 2 scrolls of enchant weapon
 e - a scroll of fear
 f - a scroll of summoning
 m - a scroll of acquirement {unknown}
 n - a scroll of blinking {unknown}
 o - a scroll of torment {unknown}
 t - 2 scrolls of teleportation
Potions
 c - a potion of lignification {unknown}
 d - a potion of might {unknown}
 h - a potion of ambrosia {unknown}
 q - 4 potions of curing


   Skills:
 - Level 3.0 Fighting
 - Level 3.0 Polearms
 + Level 3.3 Dodging
 - Level 2.0 Stealth
 - Level 3.0 Spellcasting
 - Level 4.0 Conjurations
 - Level 2.0 Translocations


You had 5 spell levels left.
You knew the following spells:

 Your Spells              Type           Power      Damage    Failure   Level
a - Kiss of Death         Conj/Necr      32%        2d7       9%          1
b - Momentum Strike       Conj/Tloc      22%        3d8       9%          2
c - Hailstorm             Conj/Ice       8%         3d4       26%         3

Your spell library contained the following spells:

 Spells                   Type           Power      Damage    Failure   Level
 Ozocubu's Armour         Ice            2%         N/A       52%         3
 Ozocubu's Refrigeration  Ice            1%         4d7       100%        7


Dungeon Overview and Level Annotations

Branches:
Dungeon (4/15) Zot: 20091
 Temple: D:4-7

Altars:
Uskayaw


Innate Abilities, Weirdness & Mutations

You cannot wear most types of armour.
You are amphibious.
You can wear up to eight rings at the same time.
Your skin changes colour to match your surroundings (Stealth+).
Your rubbery body absorbs attacks. (AC +1, EV +1)
((You are camouflaged when in or above water. (Stealth+)))
You have tentacles for arms and can constrict up to eight enemies at once.


Message History

The helpless adder fails to defend itself.
You puncture the adder!
The adder is almost dead.
The adder bites you but does no damage.
You hit the adder.
You kill the adder!
No target in view!
You see here an adder corpse.
You see here 3 silver javelins.
p - 3 silver javelins A worm comes into view.
A worm is nearby!
A worm is nearby!
You reach to attack!
You hit the worm but do no damage. You hit the worm. You grab the worm.
The worm is lightly wounded.
You constrict the worm, but do no damage.
You hit the worm.
The worm is moderately wounded.
You constrict the worm. The worm bites you but does no damage.
You puncture the worm!
The worm is severely wounded.
You constrict the worm. The worm misses you.
You puncture the worm!
You kill the worm!
No target in view!
A gnoll comes into view. It is wielding a +0 club.
Found a trident.
The gnoll shouts!
You hear a shout!
A gnoll comes into view. It is wielding a +0 whip.
There are monsters nearby!
There are monsters nearby!
A gnoll comes into view. It is wielding a +0 whip.
A gnoll comes into view. It is wielding a +0 spear.
Found a buckler.
The gnoll shouts! x2
You barely miss the gnoll. You grab the gnoll. You constrict the gnoll.
The gnoll barely misses you.
You puncture the gnoll!
The gnoll is severely wounded.
You constrict the gnoll, but do no damage.
The gnoll hits you with a +0 club.
You hit the gnoll but do no damage.
The gnoll is severely wounded.
You constrict the gnoll. The gnoll closely misses you.
You hit the gnoll.
You kill the gnoll!
Training target 3.0 for Fighting reached!
Your Fighting skill increases to level 3!
Your Dodging skill increases to level 3!
Unknown command.
You hit the gnoll. You grab the gnoll. Your squeeze misses the gnoll.
The gnoll is heavily wounded.
You constrict the gnoll. The gnoll hits you with a +0 whip.
You hit the gnoll.
The gnoll is almost dead.
You constrict the gnoll.
You kill the gnoll!
You have reached level 6!
You hit the gnoll but do no damage. Your grab misses the gnoll.
The gnoll misses you.
You puncture the gnoll! You grab the gnoll. Your squeeze misses the gnoll.
The gnoll is heavily wounded.
You constrict the gnoll.
The gnoll hits you from afar with a +0 spear.
The gnoll barely misses you. The gnoll completely misses you.
The gnoll hits you from afar with a +0 spear!
You are too injured to fight recklessly!
Casting: Momentum Strike (safe; 9% risk of failure)
Confirm with . or Enter, or press ? or * to list all spells.
Aiming: Momentum Strike (safe; 9% risk of failure)
Press: ? - help, Dir - move target, f - gnoll
Aim: a gnoll, wielding a +0 spear (72% to hit)
The concentrated momentum hits the gnoll.
You are unable to move.
You constrict the gnoll.
The gnoll hits you from afar with a +0 spear.
The gnoll closely misses you.
You hit the gnoll.
The gnoll is almost dead.
You constrict the gnoll.
You kill the gnoll!
The gnoll hits you from afar with a +0 spear.
Unknown command.
You aren't carrying any items that you can evoke.
Unknown command.
Unknown command.
Reach: j) +0 trident
Press: ? - help, Dir - move target, f/p - gnoll
Aim: a gnoll, wielding a +0 spear (moderately wounded, about 39% to evade your +0 trident)
You reach to attack!
You barely miss the gnoll.
The gnoll is moderately wounded.
The gnoll hits you from afar with a +0 spear!
* * * LOW HITPOINT WARNING * * *
Reach: j) +0 trident
Press: ? - help, Dir - move target, f/p - gnoll
Aim: a gnoll, wielding a +0 spear (moderately wounded, about 39% to evade your +0 trident)
You reach to attack!
You barely miss the gnoll.
The gnoll is moderately wounded.
The gnoll hits you from afar with a +0 spear!
You die...

######......†##..#
#.
.....###..#...##
#.
###..##.........
#.
#.............##
#. #.#..##.......#
#. #.#..###.###.##
#.##.#......# #.#
#.......##### #+#
##@###### #)# #g#
#[.......#
#.##........ #
#.#)..### #.##..#
#.. #.# ##. .#


You could see a gnoll.

Vanquished Creatures
  2 jellies (D:3)
  5 gnolls
  An adder (D:4)
  A worm (D:4)
  4 dart slugs
  6 bats
  19 endoplasms
  3 giant cockroaches
  5 goblins
  7 hobgoblins
  A jackal (D:2)
  17 kobolds
  2 quokkas
  4 ball pythons
  2 frilled lizards
  9 rats
88 creatures vanquished.

Vanquished Creatures (others)
  Natasha (D:3)
  4 gnolls
  An endoplasm (D:3)
  4 fungi (D:3)
  7 toadstools (D:3)
17 creatures vanquished.

Grand Total: 105 creatures vanquished

Notes
Turn   | Place    | Note
-------+----------+-------------------------------------------
     0 | D:1      | Flugkiller the Octopode Reaver began the quest for the Orb.
     0 | D:1      | Reached XP level 1. HP: 14/14 MP: 3/3
   218 | D:1      | Reached XP level 2. HP: 19/19 MP: 5/5
   352 | D:1      | Reached skill level 4 in Conjurations
   514 | D:1      | Reached skill level 1 in Stealth
   514 | D:1      | Reached XP level 3. HP: 24/24 MP: 6/6
   758 | D:2      | Learned a level 2 spell: Momentum Strike
   762 | D:2      | Learned a level 3 spell: Hailstorm
  1546 | D:3      | Reached XP level 4. HP: 29/29 MP: 7/7
  2050 | D:3      | Reached skill level 1 in Translocations
  2641 | D:3      | Noticed Natasha
  2646 | D:3      | Killed Natasha
  2647 | D:3      | Reached XP level 5. HP: 14/34 MP: 6/9
  2951 | D:3      | Found a hide-covered altar of Uskayaw.
  3888 | D:4      | Reached XP level 6. HP: 35/42 MP: 10/10
  3893 | D:4      | Slain by a gnoll

Illustrated notes

Levels and vault maps discovered:
D:1:      dpeg_arrival_chambers_temple_mockup, layout_basic
D:2:      layout_basic, grunt_ministairs_4, small_statue_intersection,
          minmay_increasing_density
D:3:      cheibrodos_fertilizer, layout_loops_ring, nicolae_uskayaw_suspiria,
          minmay_close_crescents, uniq_natasha
D:4:      layout_loops_corners, uniq_pargi

Skill      XL: |  1  2  3  4  5 |
---------------+----------------+-----
Conjurations   | 4 |  4.0
Stealth        | 1 2 |  2.0
Translocations | 2 |  2.0
Spellcasting   | 3 |  3.0
Fighting       | 3 |  3.0
Dodging        | 3 |  3.3
Polearms       | |  3.0

Action                   |  1- 3 |  4- 6 || total
-------------------------+-------+-------++-------
Melee: Spear             |    81 |       ||    81
       Constrict         |    18 |    18 ||    36
       Tentacles         |    11 |    14 ||    25
       Trident           |    22 |   101 ||   123
 Cast: Momentum Strike   |       |     8 ||     8
  Use: Scroll            |     3 |     1 ||     4
       Potion            |       |     1 ||     1
 Stab: Sleeping          |    16 |     8 ||    24
Armor: Skin              |       |     7 ||     7
Dodge: Dodged            |    28 |    45 ||    73

Table legend: (Time is in decaauts)
 A = Elapsed time spent in this place.
 B = Non-inter-level travel time spent in this place.
 C = Inter-level travel time spent in this place.
 D = Time resting spent in this place.
 E = Time spent auto-exploring this place.
 F = Levels seen in this place.
 G = Mean time per level.
                   A        B        C        D        E       F      G
               +--------+--------+--------+--------+--------+-----+--------+
         Total |   3907 |   3820 |     87 |   1518 |   1639 |   4 |  976.8 |
       Dungeon |   3907 |   3820 |     87 |   1518 |   1639 |   4 |  976.8 |
               +--------+--------+--------+--------+--------+-----+--------+

Top non-repeatable levels by time:
     D:3: 2022 daAuts
     D:2: 1140 daAuts
     D:1: 675 daAuts
     D:4: 69 daAuts
